PBL
AMARILLO THUNDERHEADS @ OAKLAND OAKS
08/14/2049
 
TOP OF THE 1ST
Amarillo ThunderHeads batting - Pitching for Oakland Oaks : RHP Brenden Niziolek
Pitching: RHP Brenden Niziolek
Batting: LHB Carlos Guajardo 0-0: Ball
1-0: Called Strike
1-1: Ball
2-1: Foul Ball, location: 2F
2-2: Foul Ball, location: 2F
2-2: Ball
3-2: Foul Ball, location: 2F
3-2: Ground out 2-3 (Groundball, 13S, EV 66.9 MPH)
Batting: LHB Tony Cisneros 0-0: Ball
1-0: Ball
2-0: Swinging Strike
2-1: Called Strike
2-2: Ball
3-2: Fly out, F7 (Flyball, 7S, EV 88.1 MPH)
Batting: LHB Thie Hofmann 0-0: Ball
1-0: Ball
2-0: Called Strike
2-1: Foul Ball, location: 2F
2-2: Ball
3-2: Foul Ball, location: 2F
3-2: Foul Ball, location: 2F
3-2: Base on Balls
Batting: RHB Shi-fu Cuan 0-0: Foul Ball, location: 2F
0-1: Fielders Choice at 2nd, 6-4 (Groundball, 6, EV 106.2 MPH)
Top of the 1st over - 0 runs, 0 hits, 0 errors, 1 left on base; Amarillo 0 - Oakland 0
BOTTOM OF THE 1ST
Oakland Oaks batting - Pitching for Amarillo ThunderHeads : RHP Shane Ford
Pitching: RHP Shane Ford
Batting: LHB Bill Helmer 0-0: Ball
1-0: Ball
2-0: Ball
3-0: Base on Balls
Batting: SHB Steve McGee 0-0: Called Strike
0-1: Ball
Bill Helmer is caught stealing 2nd base 2-6
1-1: Called Strike
1-2: Ball
2-2: Ball
3-2: Ground out 4-3 (Groundball, 4, EV 109.4 MPH)
Batting: SHB Chris King 0-0: Ball
1-0: Swinging Strike
1-1: Foul Ball, location: 2F
1-2: Strikes out swinging, 2-3 out at first.
Bottom of the 1st over - 0 runs, 0 hits, 0 errors, 0 left on base; Amarillo 0 - Oakland 0
TOP OF THE 2ND
Amarillo ThunderHeads batting - Pitching for Oakland Oaks : RHP Brenden Niziolek
Batting: LHB Bill Mahoney 0-0: Ball
1-0: Ball
2-0: Ball
3-0: Base on Balls
Batting: RHB Eddie Vanderjagt 0-0: Called Strike
0-1: Foul Ball, location: 2F
0-2: Fly out, F3 (Popup, 3F, EV 78.1 MPH)
Batting: RHB Jorge Balderama 0-0: Swinging Strike
0-1: Foul Ball, location: 2F
0-2: Foul Ball, location: 2F
0-2: SINGLE (Line Drive, 9LM, EV 86.2 MPH)
Bill Mahoney to second
Runner from 2nd tries for 3rd, SAFE, throw by RF made to third
Jorge Balderama to second
Batting: RHB Dennis Underwood 0-0: SINGLE (Groundball, 4MD, EV 96.2 MPH)
Bill Mahoney scores
Jorge Balderama to third
Batting: RHB Bill Flannery 0-0: Ball
1-0: Called Strike
1-1: Ball
2-1: Called Strike
2-2: Ball
3-2: Foul Ball, location: 2F
3-2: Fly out, F7 (Flyball, 7, EV 78.1 MPH)
Runner from 3rd tags up, OUT at HOME! 7-2
Top of the 2nd over - 1 run, 2 hits, 0 errors, 1 left on base; Amarillo 1 - Oakland 0
BOTTOM OF THE 2ND
Oakland Oaks batting - Pitching for Amarillo ThunderHeads : RHP Shane Ford
Batting: LHB Brian Canny 0-0: Called Strike
0-1: Ball
1-1: Swinging Strike
1-2: Strikes out swinging
Batting: LHB Chris Davidson 0-0: Ball
1-0: Swinging Strike
1-1: Ball
2-1: Ground out 5-3 (Groundball, 56S, EV 92.5 MPH)
Batting: RHB Mario Medina 0-0: Foul Ball, location: 2F
0-1: Ball
1-1: Fly out, F9 (Flyball, 89M, EV 86.2 MPH)
Bottom of the 2nd over - 0 runs, 0 hits, 0 errors, 0 left on base; Amarillo 1 - Oakland 0
TOP OF THE 3RD
Amarillo ThunderHeads batting - Pitching for Oakland Oaks : RHP Brenden Niziolek
Batting: LHB Carlos Guajardo 0-0: Ball
1-0: Called Strike
1-1: Foul Ball, location: 2F
1-2: Ground out 6-3 (Groundball, 6, EV 80.6 MPH)
Batting: LHB Tony Cisneros 0-0: Foul Ball, location: 2F
0-1: Ball
1-1: Swinging Strike
1-2: Foul Ball, location: 2F
1-2: Foul Ball, location: 2F
1-2: Ball
2-2: Strikes out swinging
Batting: LHB Thie Hofmann 0-0: Ball
1-0: Ball
2-0: Swinging Strike
2-1: Ball
3-1: Foul Ball, location: 2F
3-2: Base on Balls
Batting: RHB Shi-fu Cuan 0-0: Ball
1-0: Ball
2-0: Ground out 4-3 (Groundball, 34, EV 84.4 MPH)
Top of the 3rd over - 0 runs, 0 hits, 0 errors, 1 left on base; Amarillo 1 - Oakland 0
BOTTOM OF THE 3RD
Oakland Oaks batting - Pitching for Amarillo ThunderHeads : RHP Shane Ford
Batting: RHB Robby Britton 0-0: Called Strike
0-1: Ground out 6-3 (Groundball, 6, EV 83.1 MPH)
Batting: RHB Edwin Nunez 0-0: Ball
1-0: Called Strike
1-1: Ground out U3 (Groundball, 13, EV 86.2 MPH)
Batting: RHB Matt Nehman 0-0: Called Strike
0-1: Ball
1-1: Ball
2-1: SINGLE (Groundball, 6MD, EV 100.6 MPH)
Batting: LHB Bill Helmer 0-0: Ball
1-0: Swinging Strike
1-1: Ball
2-1: Called Strike
2-2: Ball
3-2: SINGLE (Line Drive, 8RS, EV 103.1 MPH)
Matt Nehman to second
Matt Nehman to third
Batting: SHB Steve McGee 0-0: Ball
1-0: Ball
2-0: Foul Ball, location: 2F
2-1: Called Strike
2-2: Strikes out swinging
Bottom of the 3rd over - 0 runs, 2 hits, 0 errors, 2 left on base; Amarillo 1 - Oakland 0
TOP OF THE 4TH
Amarillo ThunderHeads batting - Pitching for Oakland Oaks : RHP Brenden Niziolek
Batting: LHB Bill Mahoney 0-0: Ball
1-0: Ground out 5-3 (Groundball, 56, EV 103.1 MPH)
Batting: RHB Eddie Vanderjagt 0-0: Ball
1-0: Called Strike
1-1: Fly out, F8 (Flyball, 8LS, EV 81.2 MPH)
Batting: RHB Jorge Balderama 0-0: SINGLE (Line Drive, 3D, EV 102.5 MPH)
Batting: RHB Dennis Underwood 0-0: Ball
1-0: Ball
2-0: Foul Ball, location: 2F
2-1: Ball
3-1: Base on Balls
Jorge Balderama to second
Batting: RHB Bill Flannery 0-0: Called Strike
0-1: Ball
1-1: Called Strike
1-2: Ball
2-2: Foul Ball, location: 2F
2-2: Fielders Choice at 2nd, 6-4 (Groundball, 6, EV 105.0 MPH)
Top of the 4th over - 0 runs, 1 hit, 0 errors, 2 left on base; Amarillo 1 - Oakland 0
BOTTOM OF THE 4TH
Oakland Oaks batting - Pitching for Amarillo ThunderHeads : RHP Shane Ford
Batting: SHB Chris King 0-0: Ball
1-0: Ball
2-0: Fly out, F8 (Line Drive, 89M, EV 91.2 MPH)
Batting: LHB Brian Canny 0-0: Ball
1-0: Ball
2-0: Foul Ball, location: 2F
2-1: Foul Ball, location: 2F
2-2: Ball
3-2: Base on Balls
Batting: LHB Chris Davidson 0-0: Called Strike
Brian Canny is caught stealing 2nd base 2-6
0-1: Swinging Strike
0-2: Ball
1-2: Fly out, F9 (Flyball, 9D, EV 98.8 MPH)
Bottom of the 4th over - 0 runs, 0 hits, 0 errors, 0 left on base; Amarillo 1 - Oakland 0
TOP OF THE 5TH
Amarillo ThunderHeads batting - Pitching for Oakland Oaks : RHP Brenden Niziolek
Batting: LHB Carlos Guajardo 0-0: Ball
1-0: Ball
2-0: Called Strike
2-1: Foul Ball, location: 2F
2-2: Fly out, F8 (Flyball, 8LD, EV 80.6 MPH)
Batting: LHB Tony Cisneros 0-0: Ball
1-0: Ball
2-0: Foul Ball, location: 2F
2-1: Swinging Strike
2-2: Ball
3-2: Foul Ball, location: 2F
3-2: SINGLE (Groundball, 34D, EV 107.5 MPH)
Batting: LHB Thie Hofmann 0-0: Foul Ball, location: 2F
0-1: Ball
1-1: Called Strike
1-2: Strikes out looking
Batting: RHB Shi-fu Cuan 0-0: Ball
1-0: Ball
2-0: Ball
3-0: Called Strike
3-1: Fielders Choice at 2nd, 6-4 (Groundball, 6, EV 91.9 MPH)
Top of the 5th over - 0 runs, 1 hit, 0 errors, 1 left on base; Amarillo 1 - Oakland 0
BOTTOM OF THE 5TH
Oakland Oaks batting - Pitching for Amarillo ThunderHeads : RHP Shane Ford
Batting: RHB Mario Medina 0-0: Ball
1-0: Ground out U3 (Groundball, 3L, EV 105.6 MPH)
Batting: RHB Robby Britton 0-0: Called Strike
0-1: Ball
1-1: Ball
2-1: Ball
3-1: Base on Balls
Batting: RHB Edwin Nunez 0-0: Called Strike
Robby Britton steals 2nd base
0-1: Ground out 4-3 (Groundball, 4M, EV 108.1 MPH)
Robby Britton to third
Batting: RHB Matt Nehman 0-0: Ball
1-0: Ball
2-0: Reached on error, E7 (Flyball, 7, EV 86.2 MPH)
Robby Britton scores
Batting: LHB Bill Helmer 0-0: Ball
1-0: Ground out 6-3 (Groundball, 4M, EV 78.1 MPH)
Bottom of the 5th over - 1 run, 0 hits, 1 error, 1 left on base; Amarillo 1 - Oakland 1
TOP OF THE 6TH
Amarillo ThunderHeads batting - Pitching for Oakland Oaks : RHP Brenden Niziolek
Batting: LHB Bill Mahoney 0-0: Ball
1-0: Ground out 5-3 (Groundball, 15, EV 86.9 MPH)
Batting: RHB Eddie Vanderjagt 0-0: Swinging Strike
0-1: Swinging Strike
0-2: Strikes out swinging
Batting: RHB Jorge Balderama 0-0: Called Strike
0-1: Ball
1-1: Ball
2-1: Foul Ball, location: 2F
2-2: Foul Ball, location: 2F
2-2: Strikes out looking
Top of the 6th over - 0 runs, 0 hits, 0 errors, 0 left on base; Amarillo 1 - Oakland 1
BOTTOM OF THE 6TH
Oakland Oaks batting - Pitching for Amarillo ThunderHeads : RHP Shane Ford
Batting: SHB Steve McGee 0-0: Swinging Strike
0-1: Swinging Strike
0-2: Fly out, F7 (Flyball, 7D, EV 101.2 MPH)
Batting: SHB Chris King 0-0: Ball
1-0: Foul Ball, location: 2F
1-1: Fly out, F5 (Line Drive, 5, EV 68.1 MPH)
Batting: LHB Brian Canny 0-0: Called Strike
0-1: Foul Ball, location: 2F
0-2: Ball
1-2: Strikes out looking
Bottom of the 6th over - 0 runs, 0 hits, 0 errors, 0 left on base; Amarillo 1 - Oakland 1
TOP OF THE 7TH
Amarillo ThunderHeads batting - Pitching for Oakland Oaks : RHP Brenden Niziolek
Pitching: RHP Mike Heilbrunn
Batting: RHB Dennis Underwood 0-0: Foul Ball, location: 2F
0-1: Ball
1-1: Ball
2-1: Foul Ball, location: 2F
2-2: Ball
3-2: Reached on error, E6 (Groundball, 6, EV 105.0 MPH)
Batting: RHB Bill Flannery 0-0: Ball
1-0: Called Strike
1-1: Ball
2-1: Ball
3-1: SINGLE (Line Drive, 8LS, EV 93.1 MPH)
Dennis Underwood to third
Batting: LHB Carlos Guajardo 0-0: Foul Ball, location: 2F
0-1: Ball
1-1: Foul Ball, location: 2F
1-2: Ball
2-2: Ball
3-2: Foul Ball, location: 2F
3-2: TRIPLE (Line Drive, 78XD, EV 104.4 MPH)
Dennis Underwood scores
Bill Flannery scores
Batting: LHB Tony Cisneros 0-0: Ball
1-0: Ground out 4-3 (Groundball, 4MS, EV 90.0 MPH)
Pitching: RHP Brandon Cole
Batting: LHB Thie Hofmann 0-0: Called Strike
0-1: Called Strike
0-2: Ball
1-2: Ball
2-2: Ball
3-2: Fly out, F7 (Flyball, 7, EV 81.2 MPH)
Runner from 3rd tags up, OUT at HOME! 7-2
Top of the 7th over - 2 runs, 2 hits, 1 error, 0 left on base; Amarillo 3 - Oakland 1
BOTTOM OF THE 7TH
Oakland Oaks batting - Pitching for Amarillo ThunderHeads : RHP Shane Ford
Pitching: LHP Ruben Lopez
Now at 2B: Zhong See-to
Now at SS: Bill Flannery
Pinch Hitting: RHB Jonathan Grabowski 0-0: Fly out, F8 (Line Drive, 8LM, EV 86.2 MPH)
Pitching: RHP Javier Chavez
Batting: RHB Mario Medina 0-0: Foul Ball, location: 2F
0-1: Foul Ball, location: 2F
0-2: Strikes out swinging
Batting: RHB Robby Britton 0-0: Called Strike
0-1: Fly out, F9 (Flyball, 9D, EV 99.4 MPH)
Bottom of the 7th over - 0 runs, 0 hits, 0 errors, 0 left on base; Amarillo 3 - Oakland 1
TOP OF THE 8TH
Amarillo ThunderHeads batting - Pitching for Oakland Oaks : RHP Brandon Cole
Now in LF: Brian Canny
Now in RF: Jack Stadner
Batting: RHB Zhong See-to 0-0: Called Strike
0-1: Ball
1-1: Called Strike
1-2: Ball
2-2: Ball
3-2: Base on Balls
Batting: LHB Bill Mahoney 0-0: Foul Ball, location: 2F
0-1: Swinging Strike
0-2: Fly out, F8 (Flyball, 8RD, EV 96.2 MPH)
Pitching: RHP Jake Morgan
Batting: RHB Eddie Vanderjagt 0-0: Ball
1-0: Ground out 3-1 (Groundball, 34S, EV 86.9 MPH)
Zhong See-to to second
Batting: RHB Jorge Balderama 0-0: Ground out U3 (Groundball, 34S, EV 84.4 MPH)
Top of the 8th over - 0 runs, 0 hits, 0 errors, 1 left on base; Amarillo 3 - Oakland 1
BOTTOM OF THE 8TH
Oakland Oaks batting - Pitching for Amarillo ThunderHeads : RHP Javier Chavez
Now in RF: Mike Gruszewski
Pinch Hitting: LHB Justin Conley 0-0: Foul Ball, location: 2F
0-1: Foul Ball, location: 2F
0-2: Ball
1-2: Foul Ball, location: 2F
1-2: Foul Ball, location: 2F
1-2: Foul Ball, location: 2F
1-2: Ball
2-2: Ground out 6-3 (Groundball, 4, EV 86.2 MPH)
Pinch Hitting: RHB Ricky Furst 0-0: Ball
1-0: Fly out, F9 (Flyball, 9LMF, EV 79.4 MPH)
Batting: LHB Bill Helmer 0-0: Ball
1-0: Called Strike
1-1: Foul Ball, location: 2F
1-2: Strikes out swinging
Bottom of the 8th over - 0 runs, 0 hits, 0 errors, 0 left on base; Amarillo 3 - Oakland 1
TOP OF THE 9TH
Amarillo ThunderHeads batting - Pitching for Oakland Oaks : RHP Jake Morgan
Now at 1B: Justin Conley
Now at 3B: Ricky Furst
Batting: RHB Dennis Underwood 0-0: Ball
1-0: Swinging Strike
1-1: Ball
2-1: Fly out, F8 (Flyball, 8RM, EV 93.8 MPH)
Batting: RHB Bill Flannery 0-0: Called Strike
0-1: Hit by Pitch
Batting: LHB Carlos Guajardo 0-0: Fly out, F8 (Flyball, 78S, EV 92.5 MPH)
Batting: LHB Tony Cisneros 0-0: Called Strike
0-1: Ball
1-1: Foul Ball, location: 2F
1-2: Ball
2-2: Ground out 4-3 (Groundball, 4, EV 105.0 MPH)
Top of the 9th over - 0 runs, 0 hits, 0 errors, 1 left on base; Amarillo 3 - Oakland 1
BOTTOM OF THE 9TH
Oakland Oaks batting - Pitching for Amarillo ThunderHeads : RHP Javier Chavez
Pitching: RHP Dave Palmer
Pinch Hitting: RHB Kasey Sands 0-0: Called Strike
0-1: Swinging Strike
0-2: Ball
1-2: Foul Ball, location: 2F
1-2: Ball
2-2: Fly out, F8 (Flyball, 8LD, EV 91.9 MPH)
Batting: SHB Chris King 0-0: Called Strike
0-1: Ball
1-1: SOLO HOME RUN (Flyball, 9LD, EV 90.6 MPH), Distance : 338 ft
Batting: LHB Brian Canny 0-0: Called Strike
0-1: Called Strike
0-2: Strikes out looking
Pinch Hitting: LHB Jonathan Young 0-0: Called Strike
0-1: Foul Ball, location: 2F
0-2: Strikes out swinging
Bottom of the 9th over - 1 run, 1 hit, 0 errors, 0 left on base; Amarillo 3 - Oakland 2
Sunday, July 16th , 2023 - OOTP Baseball 24.6 Build 69